 Dungeon Crawl Stone Soup version 0.26-a0-660-gc07710193c (webtiles) character file.

Game seed: 7803143239043879235

112 tom967 the Grave Robber (level 4, 0/30 HPs)
             Began as a Mummy Necromancer on Oct 7, 2020.
             Killed from afar by an orc wizard (12 damage)
             ... with a puff of flame
             ... on level 3 of the Dungeon.
             The game lasted 00:53:24 (5123 turns).

tom967 the Grave Robber (Mummy Necromancer)         Turns: 5123, Time: 00:53:31

Health: 0/30       AC:  4    Str: 11    XL:     4   Next: 63%
Magic:  2/10       EV: 12    Int: 15    God:
Gold:   112        SH:  0    Dex: 12    Spells: 3/12 levels left

rFire    x . .     SeeInvis .   y - +0 flail
rCold    + . .     Faith    .   (no shield)
rNeg     + + +     Spirit   .   a - +1 robe
rPois    ∞         Reflect  .   (no helmet)
rElec    .         Harm     .   (no cloak)
rCorr    .         Rampage  .   (no gloves)
MR       .....                  q - +0 pair of boots
Stlth    +.........             (no amulet)
HPRegen  0.10/turn              (no ring)
MPRegen  0.12/turn              (no ring)

@: confused
A: no potions, fire vulnerability, cold resistance 1, negative energy resistance
3, torment resistance, unbreathing
a: no special abilities


You were on level 3 of the Dungeon.
You visited 1 branch of the dungeon, and saw 3 of its levels.

You collected 112 gold pieces.

Inventory:

Hand Weapons
 b - a +0 mace
 c - a +0 short sword
 f - a +0 whip
 j - a +0 short sword
 p - a +0 mace
 v - a +0 falchion
 x - a +0 dagger
 y - a +0 flail (weapon)
 B - a +0 hand axe
Missiles
 g - 170 stones (quivered)
 k - 15 sling bullets
 r - 17 bolts
Armour
 a - a +1 robe (worn)
 d - a +0 robe
 h - a +0 ring mail
 n - a +0 plate armour
 q - a +0 pair of boots (worn)
 t - a +0 ring mail
 w - a +0 scale mail
 C - a +0 leather armour
Scrolls
 l - a scroll of fog
 u - a scroll of identify
Potions
 e - a potion of magic {unknown}
 i - a potion of stabbing {unknown}
 m - a potion of berserk rage {unknown}
 o - a potion of heal wounds {unknown}
 s - a potion of ambrosia {unknown}
 z - a potion of resistance {unknown}
 A - a potion of lignification {unknown}


   Skills:
 + Level 0.1 Throwing
 + Level 1.6 Dodging
 + Level 1.7 Stealth
 + Level 4.6 Spellcasting
 + Level 5.0 Necromancy


You had 3 spell levels left.
You knew the following spells:

 Your Spells              Type           Power        Failure   Level
a - Pain                  Necr           ###.         2%          1
b - Animate Skeleton      Necr           ###...       2%          1
c - Vampiric Draining     Necr           ###.......   6%          3
d - Animate Dead          Necr           ###.......   22%         4

Your spell library contained the following spells:

 Spells                   Type           Power        Failure   Level
 Agony                    Necr           ###.....     52%         5


Dungeon Overview and Level Annotations

Branches:
Dungeon (3/15)

Altars:
Ashenzari


Innate Abilities, Weirdness & Mutations

You do not drink.
Your flesh is vulnerable to fire.
You are immune to poison.
Your flesh is cold resistant. (rC+)
You are immune to negative energy. (rN+++)
You are immune to unholy pain and torment.
You can survive without breathing.


Message History

You throw a stone. Something hits you but does no damage.
You miss something.
An orc wizard appears from thin air!
Reactivating autopickup.
Something barely misses you.
Deactivating autopickup; reactivate with Ctrl-A.
You completely miss something. Something hits you.
Something hits you but does no damage.
An orc wizard is nearby!
Throwing (i - inventory)
g - 172 stones (quivered)
Press: ? - help, Shift-Dir - straight line, f - orc wizard
Aim: an orc wizard, wielding a +0 dagger and wearing a +0 robe (fast)
You throw a stone. Something hits you but does no damage.
Throwing (i - inventory)
g - 171 stones (quivered)
Press: ? - help, Shift-Dir - straight line, f/p - orc wizard
Aim: an orc wizard, wielding a +0 dagger and wearing a +0 robe (fast)
You throw a stone.
You hear some strange, mumbled words.
A puff of flame appears from out of thin air!
The puff of flame hits you! The fire burns you terribly!
You die...

#.#####.#
#o...##.#
#o...##.# #####
#....##.# #..(#
#o...##.# #.#.#
#....##.# #.#(#
#####.###.###o#o#
#.......{.o...#{#
#.####.##.#####@#
#...........#.#
#.##.<.....####
#. #.##.#### ..
#..#.# .## ##.#.#
.. #...# .. ##..#
.. #.>..


You could see an orc wizard (fast).

Vanquished Creatures
  An orc wizard (D:3)
  Terence (D:2)
  An adder (D:2)
  An ooze (D:1)
  3 worms (D:2)
  A dart slug (D:1)
  2 leopard geckos
  2 orcs (D:3)
  A giant cockroach (D:1)
  5 goblins
  2 hobgoblins
  6 kobolds
  A bat (D:1)
  3 frilled lizards
  7 rats
37 creatures vanquished.

Notes
Turn   | Place    | Note
-------+----------+-------------------------------------------
     0 | D:1      | tom967 the Mummy Necromancer began the quest for the Orb.
     0 | D:1      | Reached XP level 1. HP: 13/13 MP: 4/4
   111 | D:1      | Learned a level 1 spell: Animate Skeleton
   851 | D:1      | Reached XP level 2. HP: 14/19 MP: 0/5
  2305 | D:2      | Found a broken altar of Ashenzari.
  2321 | D:2      | Reached XP level 3. HP: 24/24 MP: 0/7
  2749 | D:2      | Noticed Terence
  3078 | D:2      | Learned a level 3 spell: Vampiric Draining
  3377 | D:2      | Killed Terence
  3377 | D:2      | Reached XP level 4. HP: 28/30 MP: 1/10
  3835 | D:2      | Reached skill level 5 in Necromancy
  3846 | D:2      | Learned a level 4 spell: Animate Dead
  5123 | D:3      | Killed from afar by an orc wizard

Illustrated notes

Levels and vault maps discovered:
D:1:      sevenhm_arrival_forest_fort_large_2, layout_basic
D:2:      layout_loops_corners, ashenzari_conservatory_becter,
          grunt_decor_one_mirror, minivault_23, uniq_terence
D:3:      layout_basic, overflow_temple_1_default, lightli_sewer_entry_pipes,
          minmay_misc_feat_plants, minmay_misc_feat_chi, st_stairs_12,
          nicolae_dithmenos_shadow_blocks, uniq_crazy_yiuf_cottage

Skill      XL: |  1  2  3  4 |
---------------+-------------+-----
Spellcasting   | 3 4 |  4.6
Necromancy     | 5 |  5.0
Throwing       | |  0.1
Dodging        | |  1.6
Stealth        | |  1.7

Action                   |  1- 3 |  4- 6 || total
-------------------------+-------+-------++-------
Melee: Flail             |       |     4 ||     4
Throw: Stone             |     2 |     7 ||     9
 Cast: Pain              |    62 |    26 ||    88
       Animate Skeleton  |     4 |     1 ||     5
       Animate Dead      |       |     2 ||     2
       Vampiric Draining |       |     2 ||     2
  Use: Scroll            |     5 |       ||     5
Armor: Robe              |     1 |     4 ||     5
Dodge: Dodged            |     9 |    11 ||    20

Table legend: (Time is in decaauts)
 A = Elapsed time spent in this place.
 B = Non-inter-level travel time spent in this place.
 C = Inter-level travel time spent in this place.
 D = Time resting spent in this place.
 E = Time spent auto-exploring this place.
 F = Levels seen in this place.
 G = Mean time per level.
                   A        B        C        D        E       F      G
               +--------+--------+--------+--------+--------+-----+--------+
         Total |   5123 |   2843 |   2280 |   2388 |      0 |   3 | 1707.7 |
       Dungeon |   5123 |   2843 |   2280 |   2388 |      0 |   3 | 1707.7 |
               +--------+--------+--------+--------+--------+-----+--------+

Top non-repeatable levels by time:
     D:2: 2718 daAuts
     D:1: 2042 daAuts
     D:3: 362 daAuts
